 Dungeon Crawl Stone Soup version 0.30.1-4-g462c640d31 (webtiles) character file.

Game seed: 5656781966654874714

5030 Zeor the Cruncher (level 10, 0/60 HPs)
             Began as a Gargoyle Gladiator on Aug 14, 2023.
             Was a Believer of Okawaru.
             Slain by a rust devil (4 damage)
             ... on level 7 of the Dungeon.
             The game lasted 00:31:55 (8635 turns).

Zeor the Cruncher (Gargoyle Gladiator)              Turns: 8635, Time: 00:31:55

Health: 0/60       AC: -5    Str: 20    XL:     10   Next: 55%
Magic:  10/18      EV: 13    Int: 11    God:    Okawaru [**....]
Gold:   189        SH:  0    Dex: 15    Spells: 9/19 levels left

rFire   . . .        a - +0 quarterstaff (venom)
rCold   . . .        (shield currently unavailable)
rNeg    + . .        t - +0 leather armour {Will+}
rPois   ∞            l - +0 hat "Ihanepsa" {Will+ Slay+3}
rElec   +            (no cloak)
rCorr   .            (no gloves)
SInv    .            (no boots)
Will    +++..        (no amulet)
Stlth   +            i - ring of wizardry
HPRegen 0.30/turn    w - ring of Quiq {Will+ Dex+4}
MPRegen 0.16/turn

%: wizardry (x1)
@: corroded
A: sickness immunity, AC +7, negative energy resistance 1, electricity
resistance, torment resistance 1, petrification resistance
a: Renounce Religion, Heroism


You were on level 7 of the Dungeon.
You worshipped Okawaru.
Okawaru was pleased with you.
You visited 2 branches of the dungeon, and saw 9 of its levels.
You also visited: Sewer.

You collected 434 gold pieces.
You spent 245 gold pieces at shops.

Inventory:

Hand Weapons
 a - a +0 quarterstaff of venom (weapon)
 c - a +1 morningstar of flaming
 j - the +3 trident "Toeg" {spect, Fly Int+5 Stlth-}
   (You found it on level 2 of the Dungeon)

   Int:       It affects your intelligence (+5).
   Fly:       It grants you flight.
   Stlth:     It makes you less stealthy.
 m - a +1 flail of holy wrath
 C - the +7 short sword of the Thoughtful Lives {venom, *Slow rC+ Dex+2}
   (You found it on level 6 of the Dungeon)

   Dex:       It affects your dexterity (+2).
   rC:        It protects you from cold.
   *Slow:     It may slow you when you take damage.
Missiles
 d - 3 throwing nets (quivered)
 e - a javelin
 n - 6 datura-tipped darts
 o - 5 curare-tipped darts
Armour
 l - the +0 hat "Ihanepsa" (worn) {Will+ Slay+3}
   (You acquired it on level 2 of the Dungeon)

   Slay:      It affects your accuracy & damage with ranged weapons and melee
   (+3).
   Will:      It increases your willpower.
 t - a +0 leather armour of willpower (worn)
 B - +0 steam dragon scales
Magical Staves
 q - a staff of poison
 u - a staff of death
Jewellery
 i - a ring of wizardry (left hand)
 s - a ring of magical power
 w - the ring of Quiq (right hand) {Will+ Dex+4}
   (You found it on level 5 of the Dungeon)

   [ring of willpower]

   Dex:       It affects your dexterity (+4).
   Will:      It increases your willpower.
 x - an amulet of faith
 F - a ring of positive energy
Wands
 p - a wand of paralysis (5)
Scrolls
 b - 2 scrolls of teleportation
 y - a scroll of magic mapping
Potions
 f - 2 potions of curing
 g - 2 potions of mutation
 h - a potion of invisibility
 k - 2 potions of haste
 r - a potion of brilliance {unknown}
 v - a potion of flight
 z - a potion of resistance {unknown}
 A - a potion of berserk rage {unknown}
 D - a potion of lignification {unknown}


   Skills:
 + Level 5.6 Fighting
 + Level 9.2 Staves
 + Level 1.9 Throwing
 + Level 3.8 Armour
 + Level 4.5 Dodging
 + Level 5.4 Spellcasting
 + Level 3.9 Conjurations
 + Level 8.1 Earth Magic


You had 9 spell levels left.
You knew the following spells:

 Your Spells              Type           Power      Damage    Failure   Level
a - Sandblast             Erth           40%        2d10      1%          1
b - Passwall              Tmut/Erth      9%         N/A       2%          2
c - Stone Arrow           Conj/Erth      32%        3d9       2%          3
d - Petrify               Tmut/Erth      11%        N/A       17%         4

Your spell library contained the following spells:

 Spells                   Type           Power      Damage    Failure   Level
 Beastly Appendage        Tmut           6%         N/A       10%         1
 Wereblood                Tmut           3%         N/A       14%         2
 Spider Form              Tmut/Pois      3%         N/A       26%         3
 Irradiate                Conj/Tmut      3%         3d12      71%         5
 Metabolic Englaciation   Hex/Ice        1%         N/A       92%         5
 Sublimation of Blood     Necr           Unusable   N/A       N/A         2
 Statue Form              Tmut/Erth      Unusable   N/A       N/A         6

Dungeon Overview and Level Annotations

Branches:
Dungeon (8/15)             Temple (1/1) D:6           Sewer (visited)
   Lair: D:8-11

Altars:
Cheibriados
Dithmenos
Elyvilon
Fedhas
Gozag
Hepliaklqana
Kikubaaqudgha
Makhleb
Nemelex Xobeh
Okawaru
Qazlal
Ru
Sif Muna
Uskayaw
Vehumet
Wu Jian
Xom
Yredelemnul
Zin
The Shining One

Shops:
D:1 (   D:3 (   D:4 **[

Annotations:
D:3 1 runed translucent door, Crazy Yiuf
D:8 Grum


Innate Abilities, Weirdness & Mutations

You are immune to sickness and miasma.
Your stone body is resilient. (AC +7)
You are immune to poison.
You resist negative energy. (rN+)
You are resistant to electric shocks. (rElec)
You are resistant to unholy torment.
You are immune to petrification.


Message History

Press: ? - help, Shift-Dir - straight line, f - rust devil
Aim: a rust devil (wandering, hasn't noticed you, 77% to hit)
The stone arrow hits the rust devil!
The rust devil is moderately wounded.
The rust devil screeches!
Casting: Stone Arrow (dangerous; 2% risk of failure)
Confirm with . or Enter, or press ? or * to list all spells.
Aiming: Stone Arrow (dangerous; 2% risk of failure)
Press: ? - help, Shift-Dir - straight line, f/p - rust devil
Aim: a rust devil (moderately wounded, 77% to hit)
The stone arrow hits the rust devil.
The rust devil is moderately wounded.
Casting: Stone Arrow (dangerous; 2% risk of failure)
Confirm with . or Enter, or press ? or * to list all spells.
Aiming: Stone Arrow (dangerous; 2% risk of failure)
Press: ? - help, Shift-Dir - straight line, f/p - rust devil
Aim: a rust devil (moderately wounded, 77% to hit)
The stone arrow hits the rust devil!
The rust devil is severely wounded.
You hit the rust devil but do no damage.
The rust devil is severely wounded.
The rust devil hits you. The rust devil corrodes you!
You sock the rust devil!
The rust devil is almost dead.
The rust devil hits you. The rust devil corrodes you!
You hit the rust devil.
The rust devil is almost dead.
The rust devil hits you!
* * * LOW HITPOINT WARNING * * *
The rust devil corrodes you!
You completely miss the rust devil.
The rust devil is almost dead.
The rust devil hits you!
* * * LOW HITPOINT WARNING * * *
The rust devil corrodes you!
Okay, then.
You barely miss the rust devil.
The rust devil is almost dead.
The rust devil hits you.
You die...

▒∙▒ ▒∙∙∙∙∙∙∙∙∙▒∙∙∙∙▒∙▒∙∙∙∙▒ ▒∙▒
▒∙∙∙∙∙∙∙∙∙▒∙▒▒▒▒∙▒∙▒▒∙▒
▒▒▒▒∙▒▒▒▒∙∙∙∙▒∙∙∙∙∙∙∙∙∙∙∙▒∙∙▒∙▒
∙∙∙∙∙∙∙∙∙∙∙∙∙∙∙∙∙∙∙∙∙∙∙∙∙▒▒▒▒∙▒
∙∙∙∙∙∙∙∙∙∙▒∙∙∙∙∙∙∙∙∙∙∙∙∙∙∙∙∙▒∙▒
∙∙∙∙∙∙∙∙∙∙▒∙∙∙∙▒∙∙∙∙∙∙∙∙▒∙▒∙▒∙▒
∙∙∙∙∙∙∙∙∙∙▒∙∙∙∙■∙∙∙∙∙∙∙∙∙∙▒∙▒∙▒
∙∙∙∙∙∙∙∙∙∙▒∙∙∙∙▒∙▒∙∙∙∙∙▒▒▒▒∙▒∙▒
∙∙∙∙∙∙∙∙∙∙∙∙∙∙∙■9■∙∙∙∙∙∙∙<▒∙▒∙▒▒▒
∙∙∙∙∙∙∙∙∙∙∙∙∙∙∙▒4▒∙∙∙∙∙▒∙∙▒∙∙∙∙∙∙
∙▒▒▒▒∙∙∙∙▒∙∙∙∙∙∙∙∙∙∙∙∙∙▒∙∙▒▒▒∙▒▒∙
∙▒▒▒▒∙▒∙∙∙∙∙∙∙∙∙∙∙▒▒▒∙∙▒∙∙▒ ▒∙▒▒∙
∙∙∙∙∙∙∙∙∙∙∙∙∙∙∙∙∙∙▒▒▒∙∙▒∙∙▒▒▒∙▒▒∙
∙∙∙∙∙∙∙∙∙∙∙∙∙∙∙∙∙∙∙∙▒∙∙▒∙∙∙∙▒∙∙▒∙
∙∙∙∙∙∙∙∙∙∙∙∙∙∙∙∙∙▒▒∙▒∙∙▒∙∙▒∙▒▒∙▒∙
∙∙∙∙∙∙∙∙∙∙∙∙∙∙∙∙∙▒▒∙∙∙∙▒▒∙▒∙▒▒∙▒∙
∙∙∙∙∙∙∙∙∙∙∙∙∙∙∙∙∙▒▒▒▒∙∙∙∙∙▒∙∙∙∙▒∙


You could see a rust devil.

Vanquished Creatures
  Maggie (D:6)
  2 wyverns (D:8)
  4 yaks
  2 steam dragons
  3 water moccasins (D:8)
  2 orc warriors
  A black bear (D:7)
  3 sky beasts
  A centaur (D:6)
  14 kobold brigands
  2 bullfrogs
  A necrophage (D:5)
  A scorpion (D:5)
  8 wights (D:6)
  5 killer bees (D:7)
  4 howler monkeys
  A jelly (D:5)
  4 hounds
  2 orc priests
  5 iguanas
  2 orc wizards (D:5)
  A hound skeleton (D:5)
  4 gnolls (D:5)
  11 adders
  A river rat (D:6)
  3 shadow imps (D:7)
  A white imp (D:7)
  3 ufetubi
  5 worms
  2 dart slugs
  17 orcs
  3 ball pythons
  5 bats
  6 endoplasms
  2 giant cockroaches
  8 goblins
  5 hobgoblins
  4 quokkas
  4 frilled lizards
  31 kobolds
  6 rats
190 creatures vanquished.

Vanquished Creatures (others)
  A kobold (D:7)
1 creature vanquished.

Grand Total: 191 creatures vanquished

Notes
Turn   | Place    | Note
-------+----------+-------------------------------------------
     0 | D:1      | Zeor the Gargoyle Gladiator began the quest for the Orb.
     0 | D:1      | Reached XP level 1. HP: 12/12 MP: 1/1
   121 | D:1      | Found a faded altar of an unknown god.
   174 | D:1      | Found Qyfooce's Weapon Shop.
   211 | D:1      | Reached XP level 2. HP: 16/17 MP: 2/2
   573 | D:1      | Reached XP level 3. HP: 12/21 MP: 3/3
   936 | D:2      | Learned a level 1 spell: Sandblast
   995 | D:2      | Reached skill level 1 in Earth Magic
  1020 | D:2      | Identified the +3 trident "Toeg" {spect, Fly Int+5 Stlth-}
  1026 | D:2      | Reached XP level 4. HP: 27/27 MP: 4/4
  1084 | D:2      | Identified a scroll of acquirement
  1084 | D:2      | Acquired the +0 hat "Ihanepsa" {Will+ Slay+3}
  1116 | D:2      | Reached skill level 4 in Staves
  1123 | D:2      | Learned a level 2 spell: Passwall
  1767 | D:3      | Found Waso's Antique Weapon Shoppe.
  1778 | D:3      | Reached XP level 5. HP: 32/32 MP: 5/5
  1950 | D:3      | Found a runed translucent door.
  1951 | D:3      | Noticed Crazy Yiuf
  2440 | D:4      | Found Daufos's Assorted Antiques.
  2457 | D:4      | Bought a scroll labelled SOUDDIE ACUM for 28 gold pieces
  2457 | D:4      | Bought a scroll labelled MIMIOV MENGAE for 28 gold pieces
  2521 | D:4      | Reached skill level 1 in Armour
  2548 | D:4      | Found a stormy altar of Qazlal.
  2674 | D:4      | Found a blossoming altar of Fedhas.
  2717 | D:4      | Found Marph's Antique Armour Shop.
  2730 | D:4      | Bought a glowing leather armour for 100 gold pieces
  2950 | D:4      | Reached skill level 1 in Spellcasting
  3077 | D:4      | Found Fyema's Assorted Antiques.
  3081 | D:4      | Bought a sedimented cyan potion for 20 gold pieces
  3081 | D:4      | Bought a scroll of teleportation for 69 gold pieces
  3479 | D:5      | Entered Level 5 of the Dungeon
  3509 | D:5      | Reached XP level 6. HP: 37/37 MP: 7/7
  3762 | D:5      | Reached skill level 5 in Staves
  3767 | D:5      | Found a burning altar of Makhleb.
  3855 | D:5      | Noticed a +0 dagger
  3856 | D:5      | Noticed a +0 dagger
  3859 | D:5      | Found a hide-covered altar of Uskayaw.
  3974 | D:5      | Learned a level 3 spell: Stone Arrow
  4042 | D:5      | Noticed a sky beast
  4057 | D:5      | Reached XP level 7. HP: 41/41 MP: 9/9
  4333 | D:5      | Found a shimmering altar of Xom.
  4434 | D:5      | Identified the ring of Quiq {Will+ Dex+4}
  4640 | D:6      | Found a glowing drain.
  4644 | Sewer    | Entered a sewer
  4758 | Sewer    | Reached skill level 1 in Conjurations
  4758 | Sewer    | Reached XP level 8. HP: 44/47 MP: 10/12
  4794 | Sewer    | Reached skill level 6 in Staves
  4934 | Sewer    | Reached skill level 5 in Earth Magic
  5646 | D:6      | Reached XP level 9. HP: 45/52 MP: 10/14
  5852 | D:6      | Found an ancient bone altar of Kikubaaqudgha.
  5858 | D:6      | Found a glowing silver altar of Zin.
  5921 | D:6      | Noticed Maggie
  5936 | D:6      | Killed Maggie
  5937 | D:6      | Reached skill level 7 in Staves
  6076 | D:6      | Found a staircase to the Ecumenical Temple.
  6087 | Temple   | Entered the Ecumenical Temple
  6092 | Temple   | Became a worshipper of Warmaster Okawaru
  6162 | D:6      | Learned a level 4 spell: Petrify
  6346 | D:6      | Identified the +7 short sword of the Thoughtful Lives
                  | {venom, *Slow rC+ Dex+2}
  6768 | D:6      | Reached * piety under Okawaru
  6949 | D:6      | Found a shadowy altar of Dithmenos.
  7312 | D:7      | Reached skill level 8 in Staves
  7348 | D:7      | Reached skill level 5 in Fighting
  7348 | D:7      | Reached XP level 10. HP: 10/59 MP: 7/17
  7363 | D:7      | Found a basalt altar of Yredelemnul.
  7394 | D:7      | Reached skill level 5 in Spellcasting
  7499 | D:7      | Reached ** piety under Okawaru
  8029 | D:7      | Found an ornate altar of the Wu Jian Council.
  8092 | D:6      | Noticed a rust devil
  8092 | D:6      | Noticed a rust devil
  8488 | D:8      | Noticed Grum
  8500 | D:8      | Reached skill level 9 in Staves
  8635 | D:7      | Slain by a rust devil

Illustrated notes

Levels and vault maps discovered:
D:1:      dpeg_arrival_rhombi, layout_basic, serial_shops,
          nicolae_shop_back_alley_shop, ebering_ecumenical_altar_box,
          lexackson_kobold_supper
D:2:      layout_rooms
D:3:      layout_loops_ring, serial_shops, nicolae_diamond_shop,
          uniq_crazy_yiuf_cottage
D:4:      layout_basic, fedhas_ov_isle_minmay, amcnicky_altar_gilded,
          serial_shops, nicolae_shop_back_alley_shop, shop,
          nicolae_stop_n_shop_2, hangedman_abyss_or_decor_lesser_grid
D:5:      layout_cave_pods, old_standard_altar, makhleb_blood_cavern_becter,
          dancing_weapons_uskayaw, serial_bayou_crossing
D:6:      cheibrodos_iron_armory, layout_basic, mainiacjoe_overflow_chevrons,
          mainiacjoe_overflow_swirl, minmay_temple_entry_purple_smoke,
          gup_sewer_entry_bowl, uniq_maggie
D:7:      layout_basic, mainiacjoe_overflow_alcove_2, nzn_wu_jian_council_hall,
          chequers_jeans
D:8:      layout_basic, minmay_lair_entry_grove, hangedman_abyss_or_decor_stabs,
          minmay_misc_feat_rows, uniq_grum, uniq_gastronok
Temple:   hellmonk_temple_micro_hex

Skill      XL: |  1  2  3  4  5  6  7  8  9 10 |
---------------+-------------------------------+-----
Earth Magic    | 1 2 3 4 5 7 8 |  8.1
Staves         | 4 5 6 8 9 |  9.2
Armour         | 1 2 3 |  3.8
Spellcasting   | 1 2 3 4 5 |  5.4
Fighting       | 3 4 5 |  5.6
Dodging        | 3 4 |  4.5
Conjurations   | 1 2 3 |  3.9
Throwing       | |  1.9

Action                     |  1- 3 |  4- 6 |  7- 9 | 10-12 || total
---------------------------+-------+-------+-------+-------++-------
  Melee: Quarterstaff      |    99 |   115 |   275 |   134 ||   623
   Cast: Sandblast         |       |     6 |     3 |       ||     9
         Stone Arrow       |       |       |    25 |    13 ||    38
 Invoke: Heroism           |       |       |       |     2 ||     2
    Use: Scroll            |     6 |     8 |     5 |     2 ||    21
         Potion            |       |     1 |     1 |     5 ||     7
 Armour: Leather armour    |    54 |    41 |    82 |    40 ||   217
  Dodge: Dodged            |    60 |    61 |   165 |    87 ||   373
